 Dungeon Crawl Stone Soup version 0.29.1-2-gbd0b4ee654 (webtiles) character file.

Game seed: 121198517808558544

1106 kingsuperguy the Trooper (level 8, -19/70 HPs)
             Began as a Minotaur Berserker on Nov 16, 2022.
             Was a Priest of Trog.
             Demolished by a kobold
             ... wielding a +2 rapier of distortion
              (24 damage)
             ... on level 4 of the Dungeon.
             The game lasted 00:09:49 (4583 turns).

kingsuperguy the Trooper (Minotaur Berserker)       Turns: 4583, Time: 00:09:49

Health: -19/70     AC: 13    Str: 24    XL:     8   Next: 11%
Magic:  7/7        EV: 11    Int:  2    God:    Trog [***...]
Gold:   204        SH:  0    Dex: 22    Spells: 7/7 levels left

rFire   . . .      SeeInvis +   v - +7 dagger of Defence by Offence {freeze, rN++ Int-2 SInv}
rCold   . . .      Faith    .   (no shield)
rNeg    + + .      Spirit   .   M - +0 chain mail
rPois   .          Reflect  .   (helmet restricted)
rElec   .          Harm     .   (no cloak)
rCorr   .          Rampage  .   o - +1 pair of gloves {Stlth+}
Will    .....                   D - +1 pair of boots {Stlth+}
Stlth   ++........              (no amulet)
HPRegen 0.21/turn               h - +6 ring of dexterity
MPRegen 0.10/turn               q - +6 ring of dexterity

@: mighty, on berserk cooldown, slowed, very slow
A: horns 2, retaliatory headbutt
a: Renounce Religion, Berserk, Trog's Hand


You were on level 4 of the Dungeon.
You worshipped Trog.
Trog was most pleased with you.
You visited 1 branch of the dungeon, and saw 4 of its levels.
You also visited: Sewer.

You collected 204 gold pieces.

Inventory:

Hand Weapons
 a - a +0 falchion
 p - a +0 falchion
 v - the +7 dagger of Defence by Offence (weapon) {freeze, rN++ Int-2 SInv}
   (You found it on level 3 of the Dungeon)

   It freezes those it strikes, dealing additional cold damage.
   It can also slow down cold-blooded creatures.
   Int:       It affects your intelligence (-2).
   rN:        It greatly protects you from negative energy.
   SInv:      It lets you see invisible.
 E - a +1 whip of electrocution
 F - a +1 dire flail of draining
Missiles
 l - 6 poisoned darts (quivered)
 u - 21 stones
 x - 5 atropa-tipped darts
Armour
 b - a +0 animal skin
 o - a +1 pair of gloves of stealth (worn)
 D - a +1 pair of boots of stealth (worn)
 K - a +0 kite shield
 L - a +0 robe
 M - a +0 chain mail (worn)
Jewellery
 h - a +6 ring of dexterity (left hand)
 q - a +6 ring of dexterity (right hand)
 r - a ring of see invisible
 B - a +6 ring of intelligence
Scrolls
 k - 2 scrolls of magic mapping {unknown}
 n - 3 scrolls of identify {unknown}
 s - 3 scrolls of vulnerability {unknown}
 t - a scroll of immolation {unknown}
 y - a scroll of teleportation
 C - 2 scrolls of amnesia {unknown}
 H - a scroll of blinking {unknown}
 J - a scroll of enchant weapon {unknown}
Potions
 c - 4 potions of might
 d - a potion of flight {unknown}
 e - 3 potions of haste {unknown}
 f - 2 potions of berserk rage {unknown}
 g - 4 potions of curing {unknown}
 i - 2 potions of degeneration {unknown}
 j - 4 potions of heal wounds {unknown}
 m - 2 potions of invisibility {unknown}
 w - a potion of mutation {unknown}
 z - a potion of attraction {unknown}
 A - a potion of resistance {unknown}
 G - a potion of magic {unknown}
 I - a potion of brilliance {unknown}


   Skills:
 + Level 5.6 Fighting
 + Level 4.4(5.5) Short Blades
 + Level 5.2(6.2) Long Blades
 + Level 2.6 Armour
 + Level 4.5 Dodging
 + Level 5.1 Stealth


You had 7 spell levels left.
You didn't know any spells.
Your spell library was empty.

Dungeon Overview and Level Annotations

Branches:
Dungeon (4/15)              Sewer (visited)
 Temple: D:4-7

Altars:
Dithmenos
Qazlal

Portals:
Abyss: D:4

Annotations:
D:4 1 transporter, Xeneth's ghost, amateur MiFi


Innate Abilities, Weirdness & Mutations

You have a pair of horns on your head.
You reflexively headbutt those who attack you in melee.


Message History

The small abomination hits you!
You hit the small abomination but do no damage.
Your headbutt misses the small abomination.
The small abomination is moderately damaged.
You puncture the small abomination! You freeze the small abomination!
Your headbutt misses the small abomination.
The small abomination is almost destroyed.
The small abomination hits you!
You hit the small abomination. You freeze the small abomination.
You destroy the small abomination!
Trog accepts your kill. The small abomination hits you!
Your Stealth skill increases to level 5!
You have reached level 8!
You feel agile.
Okay, then.
Really walk into that dispersal trap?
You enter a dispersal trap!
You blink.
You feel a strong urge to attack something.
You are no longer berserk.
You are exhausted.
You feel yourself slow down.
You hit the small abomination. You freeze the small abomination.
The small abomination is moderately damaged.
The small abomination hits you but does no damage.
Xeneth's ghost screams, "What do you have that I didn't have?"
The small abomination misses you.
The kobold hits you with a +2 rapier of distortion.
Space warps horribly around you!
* * * LOW HITPOINT WARNING * * *
Xeneth's ghost hits you!
* * * LOW HITPOINT WARNING * * *
Xeneth's ghost freezes you.
* * * LOW HITPOINT WARNING * * *
It was a potion of might.
You feel very mighty all of a sudden.
The small abomination closely misses you.
You furiously retaliate!
You headbutt the small abomination! The kobold hits you but does no damage.
Space warps horribly around you!!
You die...

.# #.#.###.##..# ###.## #.###
.### #.#.###.#...###....#####...#
##.# #.#........................#
#.#^##.........................)#
.###.#............###..###......#
.............###.##©####.##.....#
.###.#.......#.###..###...#....##
#.#.##...<...#...K.^..?...#......
##.###.###...##.@x.#∩...#.##...##
######.###....#.W##..###.#.##..#.
# #...##....##.##x##.#...##..#. #
#...##.....##..$#..##$##...#.
#...###.....#...##..###....#. ##
#...........#.#..#.........#.
.####...###...###.#####........#.
..........>...# ...©. #####....#.
.............##.#.### .##.##...#.


You could see a small abomination, Xeneth's ghost and a kobold.

Vanquished Creatures
  Pikel (D:4)
  A small abomination (D:4)
  Edmund (D:4)
  A water moccasin (Sewer)
  A hound (D:4)
  4 gnolls (D:3)
  7 adders
  2 shadow imps
  10 worms
  2 dart slugs
  7 orcs (D:3)
  9 bats
  12 endoplasms
  9 giant cockroaches
  6 goblins
  6 hobgoblins
  9 jackals
  5 kobolds
  6 quokkas
  12 ball pythons
  5 frilled lizards
  4 rats
120 creatures vanquished.

Notes
Turn   | Place    | Note
-------+----------+-------------------------------------------
     0 | D:1      | kingsuperguy the Minotaur Berserker began the quest for the
                  | Orb.
     0 | D:1      | Reached XP level 1. HP: 19/19 MP: 0/0
   600 | D:1      | Reached XP level 2. HP: 27/27 MP: 1/1
   959 | D:1      | Reached XP level 3. HP: 29/33 MP: 2/2
  1426 | D:2      | Reached ** piety under Trog
  1468 | D:2      | Found a faded altar of an unknown god.
  1872 | D:2      | Reached XP level 4. HP: 38/40 MP: 3/3
  2376 | D:3      | Identified the +7 dagger of Defence by Offence {freeze,
                  | rN++ Int-2 SInv}
  2550 | D:3      | Reached skill level 5 in Long Blades
  2707 | D:3      | Found a stormy altar of Qazlal.
  2708 | D:3      | Found a shadowy altar of Dithmenos.
  2719 | D:3      | Reached skill level 1 in Stealth
  2869 | D:3      | Reached XP level 5. HP: 40/47 MP: 4/4
  3089 | D:3      | Reached *** piety under Trog
  3550 | D:4      | Noticed Pikel
  3553 | D:4      | Noticed a lemure
  3554 | D:4      | Noticed a lemure
  3554 | D:4      | Noticed a lemure
  3555 | D:4      | Noticed a lemure
  3571 | D:4      | Killed Pikel
  3572 | D:4      | Reached skill level 5 in Fighting
  3572 | D:4      | Reached XP level 6. HP: 29/56 MP: 5/5
  3572 | D:4      | Reached XP level 7. HP: 31/61 MP: 6/6
  3645 | D:4      | Noticed a small abomination
  3710 | D:4      | Found a transporter.
  3716 | D:4      | Found a transporter.
  3739 | D:4      | Noticed Edmund
  3753 | D:4      | Killed Edmund
  3759 | D:4      | Noticed Xeneth's ghost (amateur MiFi)
  3932 | D:4      | Found a one-way gate to the infinite horrors of the Abyss.
  3960 | D:4      | Found a glowing drain.
  3982 | Sewer    | Entered a sewer
  4576 | D:4      | Killed a small abomination
  4577 | D:4      | Reached skill level 5 in Stealth
  4577 | D:4      | Reached XP level 8. HP: 45/70 MP: 7/7
  4583 | D:4      | Demolished by a kobold

Illustrated notes

Levels and vault maps discovered:
D:1:      lemuel_arrival_muddy, layout_rooms, minmay_cupped
D:2:      layout_loops_cross, dreamdust_ecumenical_altar_angels_and_demons
D:3:      minmay_bubble_buster, layout_basic, nicolae_overflow_squiral,
          st_stairs_11, grunt_ministairs_11
D:4:      layout_loops_cross, cheibrodos_sewer_entry_bend,
          gammafunk_ghost_abyssal_escape, uniq_edmund, uniq_pikel

Skill      XL: |  1  2  3  4  5  6  7 |
---------------+----------------------+-----
Fighting       | 4 5 |  5.6
Long Blades    | 4 5 |  5.2
Dodging        | 3 4 |  4.5
Stealth        | 1 4 5 |  5.1
Short Blades   | 3 4 |  4.4
Armour         | |  2.6

Action                   |  1- 3 |  4- 6 |  7- 9 || total
-------------------------+-------+-------+-------++-------
Melee: Falchion          |   121 |    26 |       ||   147
       Headbutt          |    12 |    12 |     5 ||    29
       Dagger            |       |    70 |    36 ||   106
Invok: Berserk           |     3 |     3 |     2 ||     8
  Use: Potion            |       |       |     1 ||     1
 Stab: Sleeping          |     2 |    17 |     4 ||    23
Armor: Animal skin       |    34 |    18 |     8 ||    60
       Chain mail        |       |       |     3 ||     3
Dodge: Dodged            |   101 |    63 |    16 ||   180
